 Dungeon Crawl Stone Soup version 0.23-a0-681-g26ad783 (webtiles) character file.

93 mhoghedin the Skirmisher (level 4, -2/29 HPs)
             Began as a Kobold Berserker on Jan 10, 2019.
             Was a Believer of Trog.
             Slain by a jackal (3 damage)
             ... on level 2 of the Dungeon.
             The game lasted 00:03:00 (2079 turns).

mhoghedin the Skirmisher (Kobold Berserker)         Turns: 2079, Time: 00:03:01

Health: -2/29      AC:  2    Str: 15    XL:     4   Next: 92%
Magic:  4/4        EV: 16    Int:  8    God:    Trog [**....]
Gold:   47         SH:  0    Dex: 14    Spells: 3/3 levels left

rFire    . . .     SeeInvis .   o - +0 dagger (venom)
rCold    . . .     Gourm    .   (shield restricted)
rNeg     . . .     Faith    .   b - +0 animal skin
rPois    .         Spirit   .   (no helmet)
rElec    .         Reflect  .   (no cloak)
rCorr    .         Harm     .   (no gloves)
MR       .....                  (no boots)
Stlth    +.........             (no amulet)
HPRegen  0.09/turn              (no ring)
MPRegen  0.09/turn              (no ring)

@: lethally poisoned (-2 -> -5), berserk cooldown, slowed, very slow
A: small, carnivore
a: Berserk, Trog's Hand, Renounce Religion


You were on level 2 of the Dungeon.
You worshipped Trog.
Trog was pleased with you.
You were very hungry.

You visited 1 branch of the dungeon, and saw 2 of its levels.

You collected 47 gold pieces.

Inventory:

Hand Weapons
 a - a +0 mace
 o - a +0 dagger of venom (weapon)
   (You took it off a kobold on level 2 of the Dungeon)
Armour
 b - a +0 animal skin (worn)
Scrolls
 d - 3 scrolls of noise {!r}
 e - a scroll of immolation {!r}
 i - a scroll of teleportation
Potions
 g - a potion of cancellation {unknown}
 h - a potion of brilliance {unknown}
 k - a potion of mutation {unknown}
 l - a potion of degeneration {unknown}
 m - a potion of ambrosia {unknown}
 n - a potion of curing {unknown}
Comestibles
 c - 3 rations


   Skills:
 + Level 4.2 Fighting
 + Level 3.5 Maces & Flails
 - Level 1.5 Armour
 + Level 3.8 Dodging


You had 3 spell levels left.
You didn't know any spells.
Your spell library was empty.

Dungeon Overview and Level Annotations

Branches:
Dungeon (2/15)

Altars:


Innate Abilities, Weirdness & Mutations

You are small and have problems with some larger weapons.
You are carnivorous and can eat meat at any time.


Message History

You feel resistant to hostile enchantments.
You feel somewhat more hungry. The giant cockroach misses you.
Unknown command.
Unknown command.
Unknown command.
A red film seems to cover your vision as you go berserk!
You feel yourself moving faster!
You feel mighty!
You are feeling hungry.
The giant cockroach closely misses you.
You now have 26/43 hp.
You completely miss the giant cockroach.
The giant cockroach bites you.
You hit the giant cockroach.
The giant cockroach is poisoned.
The giant cockroach barely misses you.
You barely miss the giant cockroach.
You kill the giant cockroach!
Trog accepts your kill.
You barely miss the adder.
You are feeling very hungry.
The adder bites you.
You are poisoned.
The adder poisons you!
You take 2 damage, and have 25/43 hp.
Unknown command.
You miss the adder.
You feel the effects of Trog's Hand fading.
You feel sick. The adder closely misses you.
You hit the adder.
The adder is poisoned.
The adder bites you.
You are more poisoned.
The adder poisons you!
You take 2 damage, and have 23/43 hp.
You closely miss the adder.
You feel sick. The adder misses you.
You take 1 damage, and have 22/43 hp.
You hit the adder.
You kill the adder!
Trog accepts your kill.
You puncture the adder!
You kill the adder!
Trog accepts your kill.
You feel sick. The bat closely misses you.
You puncture the bat!
You kill the bat!
Trog accepts your kill.
You closely miss the jackal.
You feel sick. The jackal closely misses you.
You take 1 damage, and have 23/43 hp.
You closely miss the jackal.
Your skin stops crawling.
You feel less resistant to hostile enchantments.
The jackal bites you.
You take 3 damage, and have 20/43 hp.
You hit the jackal.
You kill the jackal!
Trog accepts your kill.
You feel sick.
You completely miss the jackal. The jackal closely misses you.
You closely miss the jackal. The jackal closely misses you.
You hit the jackal but do no damage.
You feel sick. The jackal barely misses you.
You take 1 damage, and have 19/43 hp.
You barely miss the jackal.
You are no longer berserk.
You are exhausted.
You feel yourself slow down.
The jackal bites you but does no damage.
You now have 13/29 hp.
Unknown command.
Unknown command.
You barely miss the jackal.
You feel sick. The jackal completely misses you. The jackal bites you.
You take 3 damage, and have 10/29 hp.
You hit the jackal. The jackal closely misses you. The jackal misses you.
You hit the jackal but do no damage.
The jackal is poisoned.
You feel sick.
You kill the jackal!
Trog accepts your kill. The jackal misses you.
You take 1 damage, and have 9/29 hp.
You barely miss the jackal.
You feel sick.
The jackal bites you but does no damage.
The jackal bites you.
* * * LOW HITPOINT WARNING * * *
You take 2 damage, and have 7/29 hp.
You hit the jackal.
The jackal is poisoned.
You kill the jackal!
Trog accepts your kill. The jackal misses you. The jackal bites you.
* * * LOW HITPOINT WARNING * * *
You take 2 damage, and have 5/29 hp.
You hit the jackal.
The jackal is poisoned.
The jackal bites you.
* * * LOW HITPOINT WARNING * * *
The jackal misses you.
You barely miss the jackal.
* * * LOW HITPOINT WARNING * * *
You feel sick. The jackal bites you.
* * * LOW HITPOINT WARNING * * *
The jackal closely misses you.
You take 4 damage, and have 1/29 hp.
You miss the jackal.
The jackal bites you but does no damage.
The jackal bites you.
You die...

..# # #.# # #.# # #.#
####### # ## #.#
##..)..### ##..##.####
##.........
#.........###.........#
######.##...#.........#
#########@####...........#
##......##h# ###).........
#........#.## #.........#
............# #.........#
..$...?..$#.# #..........
.....$....#..# #..........
...%.<†>..##..#
#.........# ..........#
#..##.........#
#........## #..##.......##


You could see a jackal.

Vanquished Creatures
  3 adders (D:2)
  2 oozes (D:1)
  A dart slug (D:1)
  7 bats
  3 giant cockroaches
  2 goblins (D:1)
  12 hobgoblins
  3 jackals (D:2)
  2 ball pythons (D:1)
  2 frilled lizards (D:2)
  6 kobolds
  11 rats
54 creatures vanquished.

Notes
Turn   | Place    | Note
-------+----------+-------------------------------------------
     0 | D:1      | mhoghedin the Kobold Berserker began the quest for the Orb.
     0 | D:1      | Reached XP level 1. HP: 14/14 MP: 1/1
   286 | D:1      | Reached XP level 2. HP: 19/19 MP: 2/2
   406 | D:1      | Reached skill level 3 in Maces & Flails
   406 | D:1      | Reached skill level 3 in Dodging
   463 | D:1      | Reached XP level 3. HP: 13/24 MP: 3/3
   980 | D:1      | Reached ** piety under Trog
  1497 | D:1      | Reached skill level 4 in Fighting
  1519 | D:1      | Reached XP level 4. HP: 27/29 MP: 4/4
  1684 | D:2      | HP: 7/29 [poisoned by a kobold]
  1691 | D:2      | HP: 5/29 [poisoned by a kobold]
  1698 | D:2      | HP: 4/29 [poisoned by a kobold]
  1706 | D:2      | HP: 2/29 [poisoned by a kobold]
  2075 | D:2      | HP: 7/29 [jackal (1)]
  2077 | D:2      | HP: 3/29 [jackal (2)]
  2078 | D:2      | HP: 1/29 [jackal (2)]
  2079 | D:2      | Slain by a jackal

Vault maps used:
D:1:      psy_arrival_radial01
D:2:      uniq_terence

Skill      XL: |  1  2  3 |
---------------+----------+-----
Maces & Flails | 3 |  3.5
Dodging        | 3 |  3.8
Fighting       | 4 |  4.2
Armour         | |  1.5

Action                   |  1- 3 |  4- 6 || total
-------------------------+-------+-------++-------
Melee: Mace              |   102 |    29 ||   131
       Dagger            |       |    31 ||    31
Invok: Berserk           |     2 |     2 ||     4
       Trog's Hand       |       |     1 ||     1
  Use: Scroll            |       |     5 ||     5
 Stab: Sleeping          |       |     1 ||     1
  Eat: Chunk             |     4 |     1 ||     5
       Ration            |       |     1 ||     1
Armor: Animal skin       |     8 |     8 ||    16
Dodge: Dodged            |   105 |    65 ||   170

Table legend:
 A = Non-vault XP
 B = Vault XP
 C = Vault XP percentage of total XP
 D = Non-vault monster count
 E = Vault monster count
 F = Vault count percentage of total count
                 A         B        C        D         E       F
            +---------+---------+-------+---------+---------+-------
      Total |     134 |       0 |   0.0 |      54 |       0 |   0.0
            +---------+---------+-------+---------+---------+-------
        D:1 |      69 |       0 |   0.0 |      34 |       0 |   0.0
        D:2 |      65 |       0 |   0.0 |      20 |       0 |   0.0
            +---------+---------+-------+---------+---------+-------

Vault maps used:
D:1:      psy_arrival_radial01
D:2:      uniq_terence

Table legend:
 A = Turns spent in this place as a percentage of turns spent in the entire game.
 B = Non-inter-level travel turns spent in this place as a percentage of non-inter-level travel turns spent in the entire game.
 C = Inter-level travel turns spent in this place as a percentage of turns spent in this place.
 D = Turns resting spent in this place as a percentage of non-inter-level travel turns spent in this place.
 E = Turns spent auto-exploring this place as a percentage of non-inter-level travel turns spent in this place.
 F = Non-inter-level travel turns spent in this place divided by the number of levels of this place that you've seen.
                   A       B       C       D       E      F
               +-------+-------+-------+-------+-------+----------------------
         Total | 100.0 | 100.0 |   0.2 |  43.0 |  39.2 | 1037.5
       Dungeon | 100.0 | 100.0 |   0.2 |  43.0 |  39.2 | 1037.5
               +-------+-------+-------+-------+-------+----------------------

Table legend:
 A = Kills in this place as a percentage of kills in entire the game.
 B = Kills by you in this place as a percentage of kills by you in the entire game.
 C = Kills by friends in this place as a percentage of kills by friends in the entire game.
 D = Other kills in this place as a percentage of other kills in the entire game.
 E = Experience gained in this place as a percentage of experience gained in the entire game.
 F = Experience gained in this place divided by the number of levels of this place that you have seen.
                   A       B       C       D       E      F
               +-------+-------+-------+-------+-------+----------------------
         Total | 100.0 | 100.0 |   N/A |   N/A | 100.0 |  67.0
       Dungeon | 100.0 | 100.0 |   N/A |   N/A | 100.0 |  67.0
               +-------+-------+-------+-------+-------+----------------------
